 Dungeon Crawl Stone Soup version 0.22-a0-443-g17c3723931 (webtiles) character file.

18216 Ordine the Carver (level 12, -2/69 HPs)
             Began as a Tengu Fighter on May 30, 2018.
             Was the Champion of Okawaru.
             Slain by an elephant (13 damage)
             ... on level 4 of the Lair of Beasts on May 31, 2018.
             The game lasted 00:49:53 (13571 turns).

Ordine the Carver (Tengu Fighter)                  Turns: 13571, Time: 00:49:54

Health: -2/69      AC: 11    Str: 24    XL:     12   Next: 56%
Magic:  0/16       EV:  9    Int:  8    God:    Okawaru [******]
Gold:   676        SH: 12    Dex: 16    Spells: 11/11 levels left

rFire    x . .     SeeInvis .   i - +0 scimitar (flame)
rCold    + + .     Gourm    .   c - +1 shield
rNeg     . . .     Faith    .   s - +0 ice dragon scales
rPois    +         Spirit   +   r - +2 hat
rElec    .         Reflect  .   t - scarf {Spirit}
rCorr    .         Harm     .   (no gloves)
MR       +....                  (boots unavailable)
Stlth    ..........             (no amulet)
HPRegen  0.21/turn              m - ring of poison resistance
MPRegen  0.15/turn              d - ring "Buehum" {MR+ Str+4}

@: flying quickly and evasively, very heavily drained, quick
A: beak, talons 3, able to fly 1
a: Heroism, Finesse, Renounce Religion


You were on level 4 of the Lair of Beasts.
You worshipped Okawaru.
Okawaru was exalted by your worship.
You were hungry.

You visited 3 branches of the dungeon, and saw 14 of its levels.
You also visited: Bailey.

You collected 676 gold pieces.

Inventory:

Hand Weapons
 i - a +0 scimitar of flaming (weapon)
Armour
 c - a +1 shield (worn)
 o - the +2 pair of gloves of the Queen {+Inv rPois rC++ Dex-5}
   (Okawaru gifted it to you on level 9 of the Dungeon)

   It affects your dexterity (-5).
   It greatly protects you from cold.
   It protects you from poison.
   It lets you turn invisible.
 r - a +2 hat (worn)
 s - +0 ice dragon scales (worn)
 t - a scarf of spirit shield (worn)
Magical Staves
 y - an uncursed staff of wizardry
Jewellery
 d - the ring "Buehum" (right hand) {MR+ Str+4}
   (You found it on level 6 of the Dungeon)

   [ring of protection from magic]

   It affects your strength (+4).
   It affects your resistance to hostile enchantments.
 e - an uncursed ring of protection from fire
 l - an uncursed ring of resist corrosion
 m - a ring of poison resistance (left hand)
 p - the ring of the Distant Future {rF+ Slay-2 SInv Stlth+}
   (You found it on level 7 of the Dungeon)

   [ring of see invisible]

   It affects your accuracy and damage with ranged weapons and melee attacks
   (-2).
   It protects you from fire.
   It lets you see invisible.
   It makes you more stealthy.
 w - an uncursed ring of protection from magic
 D - an uncursed ring of magical power
Scrolls
 a - 2 scrolls of vulnerability
 b - 5 scrolls of remove curse
 h - a scroll of fog
 k - 8 scrolls of teleportation
 u - 2 scrolls of enchant armour
 v - 4 scrolls of identify
 C - a scroll of immolation
Potions
 g - 3 potions of flight
 j - a potion of mutation
 n - 2 potions of curing
 z - a potion of lignification
 A - a potion of berserk rage
 B - 2 potions of brilliance
Miscellaneous
 x - a lightning rod (1/4)
Comestibles
 f - 24 rations
 q - 4 chunks of flesh


   Skills:
 + Level 5.7(1.3) Fighting
 - Level 14.0(8.7) Long Blades
 + Level 6.2(1.8) Armour
 + Level 5.1(0.8) Dodging
 * Level 11.8(6.7) Shields
 + Level 4.2(0.0) Invocations
 + Level 3.5(0.0) Evocations


You had 11 spell levels left.
You didn't know any spells.
Your spell library contained the following spells:

 Spells                   Type           Power        Failure   Level  Hunger
 Confuse                  Hex            #.......     100%        3    ####...
 Confusing Touch          Hex            #.....       98%         1    ##.....
 Metabolic Englaciation   Hex/Ice        #.........   100%        5    ######.
 Petrify                  Tmut/Erth      #.......     100%        4    #####..
 Gell's Gravitas          Tloc           #.........   100%        3    ####...
 Yara's Violent Unravell  Hex/Tmut       #.........   100%        5    ######.


Dungeon Overview and Level Annotations

Branches:
Dungeon (9/15)             Temple (1/1) D:7            Lair (4/6) D:8
  Swamp (0/4) Lair:4       Spider (0/4) Lair:3
    Orc: D:9-12

Altars:
Ashenzari
Cheibriados
Dithmenos
Elyvilon
Fedhas
Gozag
Hepliaklqana
Kikubaaqudgha
Makhleb
Nemelex Xobeh
Okawaru
Qazlal
Ru
Sif Muna
Trog
Uskayaw
Vehumet
Wu Jian
Xom
Yredelemnul
Zin
The Shining One

Shops:
D:7 (%

Annotations:
Lair:2 exclusion: oklob plant


Innate Abilities, Weirdness & Mutations

You have a beak for a mouth.
You have claws for feet.
You can fly.


Message History

You are too injured to fight recklessly!
You slash the elephant! You burn the elephant. Your kick misses the elephant.
Your peck misses the elephant.
The elephant is severely wounded.
The elephant tramples you!
* * * LOW HITPOINT WARNING * * *
You hold your ground!
The elephant barely misses you. The elephant tramples you!
* * * LOW HITPOINT WARNING * * *
You stumble backwards!
You are feeling hungry.
You swoop lightly up into the air.
You feel very comfortable in the air.
You feel somewhat more hungry. The elephant closely misses you.
You riposte.
You completely miss the elephant.
You claw the elephant, but do no damage.
You peck the elephant.
The elephant is severely wounded.
The elephant trunk-slaps you but does no damage.
The elephant tramples you!
You die...

.................................
..........#.##...#P..............
............)..P#................
..........##.....#...............
..###.....#.......P......###.#...
#...###.................#######P.
......#...##............#.###.##.
.....#.....#............#.....##.
.P##.#..........@............##..
...####...#......Y.......###.###.
..........##.#.###......###...##.
.....<....#####.###......#P..#.#.
................)................
.................................
.................................
......................†..........
.........................#..##.#P


You could see an elephant.

Vanquished Creatures
  Fannar (Lair:2)
  3 hydras
  Erica (D:9)
  2 two-headed ogres
  Urug (Lair:3)
  Nergalle (Lair:3)
  Sonja (Lair:3)
  5 elephants
  Psyche (D:9)
  4 spiny frogs
  2 komodo dragons
  A polar bear (Lair:3)
  Grinder (D:4)
  A troll (D:9)
  2 dream sheep (D:9)
  2 hippogriffs
  2 wyverns
  6 yaks
  A basilisk (Lair:2)
  2 hungry ghosts
  Grum (D:9)
  2 water moccasins
  Duvessa (D:5)
  A porcupine (Lair:2)
  2 orc warriors (D:9)
  A sky beast (D:7)
  4 ice beasts
  3 phantoms
  An eye of draining (D:8)
  3 ogres
  3 wolves (D:9)
  A necrophage (D:7)
  A centaur (D:7)
  3 crocodiles
  4 big kobolds (D:9)
  6 bullfrogs
  Dowan (D:5)
  2 scorpions
  13 killer bees
  4 howler monkeys
  2 crimson imps
  3 jellies
  6 orc priests
  7 hounds
  Crazy Yiuf (D:4)
  Jessica (D:2)
  2 bullfrog skeletons
  9 orc wizards
  11 worker ants
  A hound zombie (D:9)
  2 hound skeletons
  A howler monkey zombie (D:9)
  4 gnolls (D:5)
  A howler monkey skeleton (D:5)
  10 adders
  A shadow imp (D:5)
  An ooze (D:3)
  2 adder skeletons
  A dart slug (D:3)
  7 leopard geckos
  24 orcs
  A ball python (D:4)
  7 bats
  8 giant cockroaches
  11 goblins
  3 hobgoblins
  15 jackals
  4 quokkas
  8 frilled lizards
  8 kobolds
  A leopard gecko zombie (D:5)
  5 rats
265 creatures vanquished.

Vanquished Creatures (others)
  3 fungi
3 creatures vanquished.

Grand Total: 268 creatures vanquished

Notes
Turn   | Place    | Note
-------+----------+-------------------------------------------
     0 | D:1      | Ordine the Tengu Fighter began the quest for the Orb.
     0 | D:1      | Reached XP level 1. HP: 14/14 MP: 2/2
    46 | D:1      | You fall through a shaft!
    86 | D:2      | Reached XP level 2. HP: 19/19 MP: 3/3
   126 | D:2      | Noticed Jessica
   137 | D:2      | Reached skill level 3 in Long Blades
   138 | D:2      | Killed Jessica
   138 | D:2      | Reached XP level 3. HP: 18/23 MP: 4/4
   455 | D:1      | Found an iron altar of Okawaru.
   463 | D:1      | Became a worshipper of Warmaster Okawaru
   473 | D:1      | Reached XP level 4. HP: 28/28 MP: 5/5
   474 | D:1      | Reached skill level 4 in Long Blades
  1365 | D:3      | Gained mutation: You can fly. [Tengu growth]
  1365 | D:3      | Reached XP level 5. HP: 32/32 MP: 6/6
  2024 | D:4      | Reached skill level 5 in Long Blades
  2207 | D:4      | Noticed Grinder
  2212 | D:4      | Paralysed by Grinder for 7 turns
  2432 | D:4      | Reached XP level 6. HP: 27/37 MP: 7/7
  2639 | D:4      | Killed Grinder
  2639 | D:4      | Reached * piety under Okawaru
  2639 | D:4      | Reached skill level 6 in Long Blades
  2639 | D:4      | Reached skill level 5 in Shields
  2639 | D:4      | Reached XP level 7. HP: 33/41 MP: 8/8
  2700 | D:4      | Reached skill level 7 in Long Blades
  3102 | D:4      | Found a runed door.
  3106 | D:4      | Noticed Crazy Yiuf
  3112 | D:4      | Killed Crazy Yiuf
  3338 | D:5      | Entered Level 5 of the Dungeon
  3431 | D:5      | Noticed Duvessa
  3431 | D:5      | Noticed Dowan
  3444 | D:5      | Killed Duvessa
  3449 | D:5      | Killed Dowan
  3449 | D:5      | Reached ** piety under Okawaru
  3449 | D:5      | Reached skill level 8 in Long Blades
  3634 | D:5      | Reached XP level 8. HP: 38/46 MP: 3/9
  4637 | D:6      | Reached skill level 9 in Long Blades
  5057 | D:6      | HP: 1/46 [orc priest/nerve-wracking pain (10)]
  5179 | D:6      | Got a scorched ring mail
  5190 | D:6      | Identified the +1 ring mail of Midnight {*Slow Str+7} (You found it on level 6 of the Dungeon)
  5248 | D:6      | Got a flickering pewter ring
  5250 | D:6      | Identified the ring "Buehum" {MR+ Str+4} (You found it on level 6 of the Dungeon)
  5459 | D:6      | Reached skill level 10 in Long Blades
  5502 | D:7      | Reached *** piety under Okawaru
  5511 | D:7      | Reached XP level 9. HP: 33/50 MP: 6/10
  5527 | D:7      | Found a staircase to the Ecumenical Temple.
  5543 | Temple   | Entered the Ecumenical Temple
  5691 | D:7      | Got a slimy marble ring
  5693 | D:7      | Identified the ring of the Distant Future {rF+ Slay-2 SInv Stlth+} (You found it on level 7 of the Dungeon)
  5867 | D:7      | Found Zitielucw's Antique Weapon Shoppe.
  6010 | D:7      | Reached skill level 11 in Long Blades
  6091 | D:7      | Found a flagged portal.
  6092 | D:7      | Found Uregeabb's Food Emporium.
  6117 | Bailey   | Entered a bailey
  6118 | Bailey   | Noticed an orc knight
  6118 | Bailey   | Noticed an orc knight
  6761 | D:8      | Found a staircase to the Lair.
  6774 | D:8      | Found a hide-covered altar of Uskayaw.
  6861 | D:8      | Reached **** piety under Okawaru
  6899 | D:8      | Noticed a two-headed ogre
  6906 | D:8      | Killed a two-headed ogre
  6906 | D:8      | Reached skill level 12 in Long Blades
  6906 | D:8      | Reached XP level 10. HP: 56/56 MP: 5/11
  7313 | D:9      | Noticed Erica
  7333 | D:9      | Killed Erica
  7333 | D:9      | Reached skill level 13 in Long Blades
  7425 | D:9      | Noticed a two-headed ogre
  7437 | D:9      | Killed a two-headed ogre
  7437 | D:9      | Reached ***** piety under Okawaru
  7646 | D:9      | Noticed Psyche
  7666 | D:9      | Killed Psyche
  7983 | D:9      | Reached skill level 14 in Long Blades
  7986 | D:9      | Reached skill level 10 in Shields
  7986 | D:9      | Reached XP level 11. HP: 53/60 MP: 9/12
  8005 | D:9      | Reached skill level 1 in Dodging
  8005 | D:9      | Reached skill level 1 in Invocations
  8032 | D:9      | Noticed a three-headed hydra
  8040 | D:9      | Killed a one-headed hydra
  8040 | D:9      | Received a gift from Okawaru
  8049 | D:9      | Got a pair of scorched gloves {god gift}
  8055 | D:9      | Identified the +2 pair of gloves of the Queen {+Inv rPois rC++ Dex-5} (Okawaru gifted it to you on level 9 of the Dungeon)
  8205 | D:9      | Noticed Grum
  8213 | D:9      | Killed Grum
  8266 | D:9      | Noticed a seven-headed hydra
  8288 | D:9      | Killed a four-headed hydra
  8959 | D:9      | Found a shadowy altar of Dithmenos.
  8959 | D:9      | Found a hide-covered altar of Uskayaw.
  9034 | Lair:1   | Entered Level 1 of the Lair of Beasts
  9986 | Lair:2   | Reached skill level 1 in Evocations
 10049 | Lair:2   | Noticed an oklob plant
 10077 | Lair:2   | Reached skill level 5 in Armour
 10211 | Lair:2   | Noticed Fannar
 10232 | Lair:2   | Killed Fannar
 10232 | Lair:2   | Reached ****** piety under Okawaru
 10792 | Lair:2   | Reached XP level 12. HP: 21/68 MP: 2/15
 11110 | Lair:3   | Upgraded the game from 0.22-a0-441-gcf5b0c64b7 to 0.22-a0-443-g17c3723931
 11228 | Lair:3   | Reached skill level 5 in Fighting
 11241 | Lair:3   | Noticed Sonja
 11247 | Lair:3   | Noticed Nergalle
 11272 | Lair:3   | Killed Nergalle
 11315 | Lair:3   | Killed Sonja
 11381 | Lair:3   | Noticed an eight-headed hydra
 11689 | Lair:3   | Received a gift from Okawaru
 11927 | Lair:3   | Found a hole to the Spider Nest.
 11970 | Lair:3   | Noticed Urug
 11980 | Lair:3   | Killed Urug
 12193 | Lair:3   | Killed a seven-headed hydra
 13048 | Lair:3   | Reached skill level 5 in Dodging
 13514 | Lair:4   | Found a staircase to the Swamp.
 13571 | Lair:4   | Slain by an elephant

Vault maps used:
D:1:      lightli_arrival_lavapool, okawaru_ov_weapons_minmay
D:2:      minmay_splitting_lines, corexii_shack, uniq_jessica
D:4:      uniq_grinder, uniq_crazy_yiuf_cottage
D:5:      first_ration, uniq_duvessa
D:7:      temple_pool_b, serial_shops, shop_fountains, shop_statue,
          enter_bailey_3, kennysheep_generic_room_5
D:8:      lair_entry_dummy, basic_altar
D:9:      gammafunk_temple_overflow_elements, hangedman_ranch,
          minmay_pinched_square, uniq_psyche, uniq_grum, uniq_erica
Temple:   regret_index_temple_chain_breaker
Lair:1:   infiniplex_staircase_pool_2
Lair:2:   minmay_lair_oklob_bushes, uniq_fannar
Lair:3:   dummy_spider_entry, lemuel_fruit_fields, uniq_sonja, uniq_nergalle,
          uniq_urug
Lair:4:   swamp_mist
Bailey:   bailey_polearm_4, bailey

Skill      XL: |  1  2  3  4  5  6  7  8  9 10 11 12 |
---------------+-------------------------------------+-----
Long Blades    | 3 4 5 6 8 10 12 14 | 14.0
Shields        | 4 5 7 8 10 11 | 11.8
Dodging        | 4 5 |  5.1
Invocations    | 3 4 |  4.2
Armour         | 5 6 |  6.2
Fighting       | 4 5 |  5.7
Evocations     | 1 3 |  3.5

Action                   |  1- 3 |  4- 6 |  7- 9 | 10-12 || total
-------------------------+-------+-------+-------+-------++-------
Melee: Long sword        |    43 |   123 |   360 |    52 ||   578
       Kick              |    12 |    28 |   133 |   189 ||   362
       Peck              |     8 |    20 |    67 |   139 ||   234
       Scimitar          |       |       |       |   497 ||   497
Invok: Heroism           |       |       |     4 |     3 ||     7
       Finesse           |       |       |       |     1 ||     1
 Abil: Fly               |       |       |     4 |     5 ||     9
Evoke: Wand              |       |       |       |    14 ||    14
       Lightning rod     |       |       |       |     4 ||     4
  Use: Potion            |     1 |     3 |     6 |     6 ||    16
       Scroll            |       |     9 |    10 |     5 ||    24
 Stab: Invisible         |       |       |       |     5 ||     5
  Eat: Chunk             |       |     6 |    14 |    19 ||    39
       Ration            |       |       |     1 |     1 ||     2
Armor: Scale mail        |    14 |    41 |    39 |       ||    94
       Ice dragon scales |       |       |    46 |   196 ||   242
Dodge: Dodged            |    12 |    46 |    80 |   144 ||   282
Block: Shield            |    20 |    66 |   180 |   303 ||   569
       Rpst.: Long sword |     5 |    13 |    27 |     2 ||    47
       Scimitar          |       |       |       |    32 ||    32

Table legend:
 A = Spawn XP
 B = Non-spawn XP
 C = Spawn XP percentage of total XP
 D = Spawn monster count
 E = Non-spawn monster count
 F = Spawn count percentage of total count
 G = Total turns spent on level
                    A         B        C        D         E        F      G
               +---------+---------+-------+---------+---------+-------+---------
         Total |       0 |   26024 |   0.0 |       0 |     265 |   0.0 | 13571
               +---------+---------+-------+---------+---------+-------+---------
           D:1 |       0 |      43 |   0.0 |       0 |      25 |   0.0 |   758
           D:2 |       0 |     116 |   0.0 |       0 |      22 |   0.0 |   571
           D:3 |       0 |      41 |   0.0 |       0 |      12 |   0.0 |   865
           D:4 |       0 |     754 |   0.0 |       0 |      29 |   0.0 |  1613
           D:5 |       0 |     564 |   0.0 |       0 |      15 |   0.0 |   751
           D:6 |       0 |     741 |   0.0 |       0 |      27 |   0.0 |   941
           D:7 |       0 |    1193 |   0.0 |       0 |      25 |   0.0 |  1122
           D:8 |       0 |    2689 |   0.0 |       0 |      29 |   0.0 |   768
           D:9 |       0 |    7699 |   0.0 |       0 |      47 |   0.0 |  1505
        Lair:1 |       0 |    1789 |   0.0 |       0 |       8 |   0.0 |   817
        Lair:2 |       0 |    2836 |   0.0 |       0 |      10 |   0.0 |  1500
        Lair:3 |       0 |    7015 |   0.0 |       0 |      14 |   0.0 |  1921
        Lair:4 |       0 |     544 |   0.0 |       0 |       2 |   0.0 |   299
               +---------+---------+-------+---------+---------+-------+---------
